 Dungeon Crawl Stone Soup version 0.20.1-1-g8b1a95d (webtiles) character file.

20862 ampet the Protected (level 12, -13/162 HPs)
             Began as a Minotaur Berserker on July 27, 2017.
             Was an Elder of Trog.
             Mangled by Rupert
             ... wielding a +0 great mace of crushing
              (21 damage)
             ... on level 13 of the Dungeon.
             The game lasted 01:47:00 (15700 turns).

ampet the Protected (Minotaur Berserker)           Turns: 15700, Time: 01:47:02

Health: -13/162    AC: 29    Str: 33    XL:     12   Next: 49%
Magic:  11/11      EV: 10    Int:  9    God:    Trog [****..]
Gold:   1005       SH:  0    Dex: 11    Spells: 11/11 levels left

rFire    . . .     SeeInvis .   M - +1 war axe (freeze)
rCold    . . .     Gourm    +   (no shield)
rNeg     . . .     Faith    .   j - +9 plate armour of the Pirate {Stlth+}
rPois    .         Spirit   .   (helmet restricted)
rElec    .         Reflect  .   (no cloak)
rCorr    .         Harm     .   B - +1 pair of gloves
MR       .....     Rnd*Tele +   o - +2 pair of boots
Stlth    ..........             i - amulet of the gourmand
Regen    0.4/turn               q - +5 ring of intelligence
MPRegen  0.2/turn               n - +2 ring of protection

@: berserking, very quick
A: retaliatory headbutt, horns 2, rugged brown scales 1, deformed body, strong
1, teleportitis 1
a: Berserk, Trog's Hand, Brothers in Arms, Burn Spellbooks, Renounce Religion


You were on level 13 of the Dungeon.
You worshipped Trog.
Trog was greatly pleased with you.
You were hungry.

You visited 3 branches of the dungeon, and saw 15 of its levels.
You also visited: Sewer and Ice Cave.

You collected 1131 gold pieces.
You spent 126 gold pieces at shops.

Inventory:

Hand Weapons
 a - a +4 hand axe
 v - a +4 demon blade of freezing
 w - the +4 battleaxe "Death Rattle" {flame, rElec rPois}
   (You acquired it on level 8 of the Dungeon)

   It has been specially enchanted to burn those struck by it, causing extra
   injury to most foes and up to half again as much damage against particularly
   susceptible opponents.
   Big, fiery blades are also staple armaments of hydra-hunters.
   It insulates you from electricity.
   It protects you from poison.
 C - a +5 antimagic quarterstaff
 M - a +1 war axe of freezing (weapon)
Missiles
 k - 12 tomahawks (quivered)
 L - 3 javelins of penetration
 N - 3 exploding tomahawks
Armour
 f - a +0 chain mail of cold resistance
 j - the +9 plate armour of the Pirate (worn) {Stlth+}
   (You found it on level 4 of the Dungeon)

   It makes you more stealthy.
 o - a +2 pair of boots (worn)
 B - a +1 pair of gloves (worn)
Jewellery
 i - an amulet of the gourmand (around neck)
 l - an uncursed ring of ice
 n - a +2 ring of protection (right hand)
 q - a +5 ring of intelligence (left hand)
 s - an uncursed ring of fire
Wands
 e - a wand of random effects (38/48)
 p - a wand of confusion (24/48)
 t - a wand of lightning (6/15)
 x - a wand of lightning (7/15)
 y - a wand of polymorph (13/24)
 z - a wand of flame (25/48)
 A - a wand of flame (34/48)
 E - a wand of lightning (5/15)
 J - a wand of lightning (2/15)
 R - a wand of scattershot (5/9)
Scrolls
 b - a scroll of magic mapping
 d - 7 scrolls of teleportation
 u - a scroll of recharging
 H - a scroll of fear
 K - a scroll of remove curse
 Q - a scroll of identify
Potions
 h - a potion of brilliance
 r - 4 potions of flight
 D - 3 potions of curing
 G - a potion of haste
 I - a potion of might
 O - a potion of invisibility {unknown}
 S - a potion of ambrosia {unknown}
Miscellaneous
 F - a lightning rod (4/4)
Comestibles
 c - 10 bread rations
 g - 6 meat rations
 m - 23 fruits
 P - a royal jelly


   Skills:
 * Level 9.6 Fighting
 + Level 12.8 Axes
 + Level 9.5 Staves
 + Level 5.6 Throwing
 * Level 13.6 Armour
 + Level 3.1 Dodging
 * Level 4.3 Stealth
 + Level 4.0 Unarmed Combat
 - Level 0.1 Evocations


You had 11 spell levels left.
You didn't know any spells.

Dungeon Overview and Level Annotations

Branches:
Dungeon (13/15)            Temple (0/1) D:5            Lair (1/6) D:11
    Orc (1/2) D:10
 Vaults: D:13-14

Altars:
Cheibriados
Dithmenos
Okawaru
Xom

Shops:
D:7 :*[(   D:9 !   D:10 (   Orc:1 ![

Annotations:
D:13 Rupert


Innate Abilities, Weirdness & Mutations

You reflexively headbutt those who attack you in melee.
You have a pair of horns on your head.
You are partially covered in rugged brown scales. (AC +1, +3% HP)
Armour fits poorly on your strangely shaped body.
Your muscles are strong. (Str +2)
You are occasionally teleported next to monsters.


Message History

You closely miss the komodo dragon. You headbutt the komodo dragon.
The komodo dragon is moderately wounded.
You hit Rupert. You freeze Rupert.
Rupert hits you with a great mace of crushing!
* * * LOW HITPOINT WARNING * * *
x2 You slice Rupert!!
You freeze Rupert! You headbutt Rupert!
Rupert is moderately wounded.
You slash the komodo dragon! You freeze the komodo dragon.
The komodo dragon hisses menacingly.
The komodo dragon completely misses you.
You are too berserk!
You are too berserk!
You slash Rupert! You freeze Rupert.
Rupert is moderately wounded.
You slice the komodo dragon!!
The komodo dragon seems to slow down.
You freeze the komodo dragon.
You kill the komodo dragon!
Trog accepts your kill.
Rupert hits you with a great mace of crushing!!
You die...

#########+##
#..........#
#...(......#
#..........#
#..........#
+........).#
#......@...#
#$....<@...#
#..?..$....#
#######+####


You could see Rupert (berserk).

Vanquished Creatures
  Snorg (D:11)
  A hydra (Lair:1)
  3 two-headed ogres
  The ghost of Alannah the Protected, a journeyman GrFi of Okawaru (Lair:1)
  An unseen horror (D:10)
  An orc knight (D:10)
  An elephant (D:11)
  2 spiny frogs (Lair:1)
  A komodo dragon (D:13)
  A rime drake (IceCv)
  An efreet (D:11)
  2 trolls
  Prince Ribbit (D:5)
  2 hippogriffs
  A vampire (D:12)
  21 yaks
  2 wyverns (D:11)
  Eustachio (D:4)
  2 basilisks
  3 hungry ghosts
  3 wargs (D:10)
  An acid dragon (D:9)
  Duvessa (D:4)
  A porcupine (Lair:1)
  2 water moccasins
  A black bear (D:7)
  7 orc warriors
  A sky beast (D:9)
  11 ice beasts (IceCv)
  A hornet zombie (D:12)
  8 ogres
  5 wolves (Lair:1)
  4 centaurs
  4 crocodiles
  3 big kobolds
  Blork the orc (D:3)
  5 bullfrogs
  Dowan (D:4)
  3 scorpions
  4 killer bees (D:7)
  4 howler monkeys
  3 crimson imps
  A centaur zombie (D:12)
  4 hounds
  3 jellies
  A gnoll shaman (D:4)
  7 orc priests
  3 centaur skeletons
  3 bullfrog zombies
  3 iguanas
  Ijyb (D:5)
  17 orc wizards
  7 worker ants
  A hound skeleton (D:6)
  A howler monkey zombie (D:7)
  7 gnolls
  3 river rats (Sewer)
  12 adders
  5 shadow imps
  2 oozes
  2 worms
  2 dart slugs (D:1)
  5 leopard geckos
  57 orcs
  9 bats
  6 giant cockroaches
  11 goblins
  6 hobgoblins
  7 jackals
  4 quokkas
  2 ball pythons
  4 frilled lizards
  2 jackal skeletons
  12 kobolds
  A leopard gecko skeleton (D:4)
  A quokka zombie (D:5)
  7 rats
  A plant (Lair:1)
343 creatures vanquished.

Vanquished Creatures (collateral kills)
  A two-headed ogre (D:10)
  An ugly thing (D:10)
  6 yaks (D:10)
  A hungry ghost (D:8)
  An orc warrior (D:10)
  An ogre (D:8)
  A jelly (D:10)
  2 orcs
14 creatures vanquished.

Vanquished Creatures (others)
  An orc wizard (D:7)
1 creature vanquished.

Grand Total: 358 creatures vanquished

Notes
Turn   | Place    | Note
-------+----------+-------------------------------------------
     0 | D:1      | ampet the Minotaur Berserker began the quest for the Orb.
     0 | D:1      | Reached XP level 1. HP: 19/19 MP: 0/0
   170 | D:1      | Reached XP level 2. HP: 27/27 MP: 1/1
   438 | D:1      | Reached ** piety under Trog
   553 | D:1      | Reached XP level 3. HP: 33/33 MP: 2/2
   749 | D:2      | Reached skill level 1 in Unarmed Combat
   849 | D:2      | Found an iron altar of Okawaru.
  1036 | D:2      | Found an iron altar of Okawaru.
  1039 | D:2      | Found a shimmering altar of Xom.
  1566 | D:3      | Reached skill level 1 in Stealth
  1566 | D:3      | Reached XP level 4. HP: 40/40 MP: 3/3
  1567 | D:3      | Found a shadowy altar of Dithmenos.
  2036 | D:4      | Noticed an ogre
  2039 | D:4      | Noticed Blork the orc
  2187 | D:3      | Killed an ogre
  2187 | D:3      | Reached skill level 5 in Axes
  2187 | D:3      | Reached skill level 3 in Armour
  2187 | D:3      | Reached XP level 5. HP: 29/47 MP: 4/4
  2290 | D:3      | Killed Blork the orc
  2337 | D:4      | Reached XP level 6. HP: 53/53 MP: 5/5
  2474 | D:4      | Reached *** piety under Trog
  2474 | D:4      | Reached skill level 4 in Armour
  2485 | D:4      | Gained mutation: Armour fits poorly on your strangely shaped body. [potion of mutation]
  2485 | D:4      | Gained mutation: You are partially covered in rugged brown scales. (AC +1, +3% HP) [potion of mutation]
  2485 | D:4      | Gained mutation: You are occasionally teleported next to monsters. [potion of mutation]
  2485 | D:4      | Gained mutation: Your muscles are strong. (Str +2) [potion of mutation]
  2523 | D:4      | Noticed Eustachio
  2541 | D:4      | Killed Eustachio
  2541 | D:4      | Reached skill level 5 in Fighting
  2644 | D:4      | Reached XP level 7. HP: 60/62 MP: 6/6
  2653 | D:4      | Noticed Duvessa
  2655 | D:4      | Noticed Dowan
  2675 | D:4      | Killed Duvessa
  2675 | D:4      | Reached skill level 5 in Armour
  2678 | D:4      | Killed Dowan
  3049 | D:4      | Got an amber-encrusted plate armour
  3133 | D:4      | Identified the +9 plate armour of the Pirate {Stlth+} (You found it on level 4 of the Dungeon)
  3604 | D:5      | Entered Level 5 of the Dungeon
  3610 | D:5      | Reached XP level 8. HP: 71/71 MP: 7/7
  3620 | D:5      | Noticed Ijyb
  3630 | D:5      | Killed Ijyb
  3689 | D:5      | Found a staircase to the Ecumenical Temple.
  3746 | D:5      | Reached skill level 6 in Armour
  3877 | D:5      | Reached **** piety under Trog
  4041 | D:5      | Found a glowing drain.
  4050 | Sewer    | Entered a sewer
  4154 | Sewer    | Reached skill level 1 in Throwing
  4226 | Sewer    | Found a glowing silver altar of Zin.
  4580 | D:5      | Noticed Prince Ribbit
  4594 | D:5      | Killed Prince Ribbit
  4594 | D:5      | Reached skill level 7 in Armour
  5221 | D:6      | Found a snail-covered altar of Cheibriados.
  5501 | D:6      | Reached XP level 9. HP: 77/77 MP: 8/8
  6177 | D:7      | Found Naapoo's Weapon Emporium.
  6224 | D:7      | Found Ogy Cia's Antique Armour Emporium.
  6231 | D:7      | Reached ***** piety under Trog
  6235 | D:7      | Reached skill level 8 in Armour
  6271 | D:7      | Bought a pair of boots for 126 gold pieces
  6403 | D:7      | Found Jallat's Book Shoppe.
  6544 | D:7      | Found Der Vud's Assorted Antiques.
  7267 | D:7      | Reached skill level 10 in Axes
  7895 | D:8      | Identified a scroll of acquirement
  7898 | D:8      | Got a shimmering battleaxe
  8355 | D:8      | Reached skill level 9 in Armour
  8657 | D:8      | Reached skill level 5 in Throwing
  8884 | D:9      | Identified the +4 battleaxe "Death Rattle" {flame, rElec rPois} (You acquired it on level 8 of the Dungeon)
  8947 | D:9      | Reached XP level 10. HP: 72/88 MP: 9/9
  8995 | D:9      | Reached skill level 1 in Staves
  9349 | D:9      | Found Rakualif's Distillery.
  9395 | D:9      | Reached skill level 10 in Armour
  9462 | D:9      | Received a gift from Trog
  9633 | D:9      | Reached skill level 5 in Staves
  9942 | D:9      | Noticed a two-headed ogre
  9957 | D:9      | Killed a two-headed ogre
 10199 | D:10     | Entered Level 10 of the Dungeon
 10353 | D:10     | Noticed a two-headed ogre
 10363 | D:10     | Killed a two-headed ogre
 10363 | D:10     | Reached skill level 11 in Armour
 10484 | D:10     | Found a staircase to the Orcish Mines.
 10487 | D:10     | Found Linwu's Weapon Boutique.
 10613 | D:10     | Killed an unseen horror
 10613 | D:10     | Reached XP level 11. HP: 57/95 MP: 10/10
 10618 | D:10     | Noticed a two-headed ogre
 10627 | D:10     | Killed a two-headed ogre
 11418 | D:11     | Noticed Snorg
 11427 | D:11     | Killed Snorg
 11578 | D:11     | Found a staircase to the Lair.
 11614 | D:11     | Reached skill level 12 in Armour
 11968 | D:11     | Noticed a two-headed ogre
 11982 | D:11     | Killed a two-headed ogre
 12451 | Lair:1   | Entered Level 1 of the Lair of Beasts
 12568 | Lair:1   | Noticed a five-headed hydra
 12581 | Lair:1   | Killed a three-headed hydra
 12585 | Lair:1   | Reached skill level 13 in Armour
 12911 | Lair:1   | Reached XP level 12. HP: 101/106 MP: 11/11
 13233 | Lair:1   | Noticed Alannah's ghost (journeyman GrFi)
 13263 | Lair:1   | Killed Alannah's ghost
 13486 | D:11     | Received a gift from Trog
 13553 | Orc:1    | Entered Level 1 of the Orcish Mines
 13959 | Orc:1    | Found Poheida's Antique Armour Emporium.
 14067 | Orc:1    | Found a frozen archway.
 14099 | Orc:1    | Found Xeken's Distillery.
 14263 | IceCv    | Entered an ice cave
 14728 | D:12     | Received a gift from Trog
 15683 | D:13     | Noticed Rupert
 15686 | D:13     | Paralysed by Rupert for 7 turns
 15698 | D:13     | HP: 7/162 [Rupert/great mace of crushing (3)]
 15700 | D:13     | Mangled by Rupert

Skill      XL: |  1  2  3  4  5  6  7  8  9 10 11 12 |
---------------+-------------------------------------+-----
Axes           | 4 5 6 7 9 10 11 12 | 12.8
Fighting       | 4 5 6 7 8 9 |  9.6
Unarmed Combat | 1 2 3 4 |  4.0
Stealth        | 1 3 4 |  4.3
Armour         | 3 4 5 7 9 11 13 | 13.6
Throwing       | 2 5 |  5.6
Staves         | 7 9 |  9.5
Dodging        | 3 |  3.1
Evocations     | |  0.1

Action                   |  1- 3 |  4- 6 |  7- 9 | 10-12 || total
-------------------------+-------+-------+-------+-------++-------
Melee: Hand axe          |    89 |    57 |   304 |       ||   450
       Headbutt          |    19 |    15 |    56 |   143 ||   233
       Punch             |       |     1 |     2 |     5 ||     8
       Staff             |       |       |    78 |   260 ||   338
       Battleaxe         |       |       |       |   234 ||   234
       War axe           |       |       |       |    30 ||    30
Throw: Tomahawk          |       |     1 |    81 |    18 ||   100
Invok: Berserk           |       |     2 |     3 |    11 ||    16
       Burn Spellbooks   |       |       |     4 |       ||     4
       Trog's Hand       |       |       |     2 |     2 ||     4
       Brothers in Arms  |       |       |     1 |     2 ||     3
Evoke: Wand              |       |       |     1 |       ||     1
  Use: Scroll            |     3 |     5 |    15 |    10 ||    33
       Potion            |     1 |     3 |     7 |     7 ||    18
  Eat: Fruit             |     4 |       |       |    14 ||    18
       Chunk             |     1 |     8 |    18 |    22 ||    49
       Royal jelly       |       |     1 |     2 |     1 ||     4
       Meat ration       |       |       |     1 |     1 ||     2
Armor: Animal skin       |    16 |     2 |       |       ||    18
       Chain mail        |    32 |    25 |    10 |       ||    67
       Plate armour      |       |       |   212 |   385 ||   597
Dodge: Dodged            |    42 |    14 |   166 |   191 ||   413
